Cogmind - Beta 15 @@@ ROGUE MODE // 2025.05.20 @ 15:03:07 Player: PieTheDye Result: Destroyed by D-53 Grenadier with Mini Grenade Launcher Performance ------------- Evolutions (0) 0 Regions Visited (2) 400 Robots Destroyed (23) 115 Value Destroyed (445) 445 Prototype IDs (0) 0 Alien Tech Used (0) 0 Bonus (0) 0 TOTAL SCORE: 960 Bonus ------- None Cogmind --------- Core Integrity 0/250 Matter 175/300 Energy 100/100 System Corruption 0% Temperature Warm (138) Movement Core (150) Ox2 Location -10/Mines Parts ------- > --- POWER (1) -------- (None) > --- PROPULSION (2) --- (None) > --- UTILITY (2) ------ Small Storage Unit > --- WEAPON (2) ------- Spread Laser > --- INVENTORY (8) ---- Aluminum Leg ECM Suite Medium Laser Rocket Launcher Rocket Launcher Rocket Launcher Rocket Launcher Hammer Peak State ------------ > --- POWER ------------ Light Ion Engine > --- PROPULSION ------- Aluminum Leg Aluminum Leg > --- UTILITY ---------- Small Storage Unit Targeting Computer > --- WEAPON ----------- Spread Laser Spread Laser > --- INVENTORY -------- Ion Engine Light Treads ECM Suite Medium Laser Rocket Launcher Rocket Launcher Rocket Launcher Rocket Launcher [Rating: 10] Favorites ----------- Power Light Ion Engine Engine Light Ion Engine Propulsion Aluminum Leg Treads Light Treads Leg Aluminum Leg Utility Small Storage Unit Storage Small Storage Unit Processor Targeting Computer Weapon Light Assault Rifle Energy Gun Spread Laser Ballistic Gun Light Assault Rifle Launcher Rocket Launcher Build | -11 -10 -10 ------- Run | Yrd Mat Min Slots Evolved . | . . . Power . | . . . Propulsion . | . . . Utility . | . . . Weapon . | . . . Parts Attached 15 | 6 7 2 Power 2 | 1 1 . Engine 2 | 1 1 . Core . | . . . Reactor . | . . . Propulsion 4 | 2 2 . Treads 2 | 2 . . Leg 2 | . 2 . Wheel . | . . . Hover . | . . . Flight . | . . . Utility 2 | 1 1 . Device . | . . . Storage 1 | 1 . . Processor 1 | . 1 . Hackware . | . . . Protection . | . . . Artifact . | . . . Weapon 7 | 2 3 2 Energy Gun 3 | . 3 . Energy Cannon . | . . . Ballistic Gun 2 | 2 . . Ballistic Cannon . | . . . Launcher 2 | . . 2 Special Weapon . | . . . Impact Weapon . | . . . Slashing Weapon . | . . . Piercing Weapon . | . . . Special Melee Weapon . | . . . Unidentified Prototypes . | . . . Parts Lost 8 | . 3 5 Power 2 | . 1 1 Propulsion 3 | . 1 2 Utility 1 | . . 1 Weapon 2 | . 1 1 Highest Loss Streak 5 | . 2 5 To Critical Strikes . | . . . Average Backups 5 | 1 5 8 Power . | . . . Propulsion 1 | . 1 1 Utility . | . . 1 Weapon 2 | . 2 6 Tool/Special . | . . . Unused Backups 4 | . . 4 Power . | . . . Propulsion 1 | . . 1 Utility 1 | . . 1 Weapon 2 | . . 2 Tool/Special . | . . . Average Slot Usage (%) 98 | . 97 99 Engine 13 | . 13 14 Treads 10 | . 14 . Leg 17 | . 13 27 Storage 14 | . 14 14 Processor 12 | . 12 14 Energy Gun 15 | . 11 26 Ballistic Gun 11 | . 16 . Peak Build Rating 10 | 6 10 10 Average Rating 8 | 5 7 9 On Entrance 5 | . 6 10 Naked Turns . | . . . Heaviest Build 18 | 10 16 18 Greatest Support 40 | 40 40 20 Greatest Overweight (x) . | . . . Average Overweight (x) . | . . . Largest Inventory Capacity 8 | 8 8 8 Average Capacity 7 | 6 8 8 Most Carried 8 | 4 8 8 Average Carried 5 | 1 5 8 Final Capacity 8 | 8 8 8 Final Carried 8 | 4 8 8 Class Distribution -------------------- 100% | Mutant Dominant Class ---------------- Mutant | -10/Materials Mutant | -10/Mines Resources | -11 -10 -10 ----------- Run | Yrd Mat Min Matter Collected 440 | 171 269 . Remotely . | . . . Salvage Created 750 | 95 624 31 Parts 44 | 3 41 . Haulers Intercepted 2 | . 2 . Recyclers Shooed 2 | . 2 . Parts Field Recycled . | . . . Retrieved Matter . | . . . Parts Self-Destructed . | . . . Prevented . | . . . Kills | -11 -10 -10 ------- Run | Yrd Mat Min Combat Hostiles Destroyed 22 | . 15 7 Guns 15 | . 15 . AOE 7 | . . 7 Classes Destroyed 9 | 1 7 1 Builder 1 | . 1 . Hauler 2 | . 2 . Recycler 2 | 1 1 . Mechanic 1 | . 1 . Operator 1 | . 1 . Watcher 1 | . 1 . Swarmer 6 | . 6 . Grunt 9 | . 9 . Assembled 7 | . . 7 Best Kill Streak 7 | 1 6 7 Combat Bots Only 7 | . 5 7 Max Kills in Single Turn 3 | 1 1 3 Gunslinging . | . . . Exploded 3 | . . 3 Melee . | . . . Uniques/NPCs Destroyed . | . . . Combat | -11 -10 -10 -------- Run | Yrd Mat Min Hostile Shots Fired 146 | . 123 23 Missed 46 | . 38 8 Hits 100 | . 85 15 Projectile 100 | . 85 15 AOE 7 | . . 7 Critical Strikes 1 | . 1 . Damage Taken 1222 | . 781 441 Core 282 | . 178 104 Absorbed by Shields . | . . . Core Remaining (%) 100 | 100 . . Volleys Fired 93 | 6 79 8 Largest 2 | 2 2 2 Hottest 130 | 40 130 130 Shots Fired 183 | 12 155 16 Gun 173 | 12 155 6 Cannon . | . . . Launcher 10 | . . 10 Special . | . . . Kinetic 120 | 12 108 . Thermal 53 | . 47 6 Explosive 10 | . . 10 Electromagnetic . | . . . Robot Hit Streak 16 | 7 16 3 Robot Miss Streak 13 | 1 13 5 Penetration Max . | . . . Secondary Targets 3 | . 3 . Max Gunslinging Chain 1 | . 1 . Shots Hit Robots 114 | 11 95 8 Core Hits 79 | 3 60 16 Critical Kills . | . . . Critical Parts Destroyed 1 | . 1 . Critical Strikes 2 | . 2 . Burn 1 | . 1 . Destroy 1 | . 1 . Melee Attacks . | . . . Impact . | . . . Slashing . | . . . Piercing . | . . . Sneak Attacks . | . . . Combat Hostiles . | . . . Follow-up Attacks . | . . . Damage Inflicted 1555 | 84 912 559 Guns 1059 | 84 911 64 Cannons . | . . . Explosions 495 | . . 495 Melee . | . . . Ramming 1 | . 1 . Kinetic 614 | 84 530 . Thermal 445 | . 381 64 Explosive 495 | . . 495 Electromagnetic . | . . . Impact . | . . . Slashing . | . . . Piercing . | . . . Highest Corruption . | . . . Average Corruption . | . . . Corruption Purged . | . . . Corruption Blocked . | . . . Overload Shots . | . . . Overflow Damage 14 | . . 14 Projectiles . | . . . Explosions 14 | . . 14 Melee . | . . . Knockbacks . | . . . Impact . | . . . Kinetic . | . . . Secondary . | . . . Self-Inflicted Damage 28 | . . 28 Shots 1 | . . 1 Rammed . | . . . Targets Rammed 1 | . 1 . Kicked 1 | . 1 . Crushed . | . . . Highest Temperature 285 | . 285 138 Average Temperature 67 | . 73 32 Received Heat Transfer 165 | . 165 . Siege Activations . | . . . Martial Activations . | . . . Shielding Activations . | . . . Robots Disrupted . | . . . Combat Hostiles . | . . . Robots Corrupted . | . . . Combat Hostiles . | . . . Parts Fried . | . . . Impact Corruptions . | . . . Robots Melted . | . . . Combat Hostiles . | . . . Parts Melted . | . . . Heat Transferred 822 | . 742 80 Parts Sabotaged . | . . . Parts Stolen . | . . . Parts Stripped . | . . . Power Chain Reactions . | . . . Alert | -11 -10 -10 ------- Run | Yrd Mat Min Maximum Alert Level . | . . . Low Security (%) 100 | 100 100 100 Level 1 . | . . . Level 2 . | . . . Level 3 . | . . . Level 4 . | . . . Level 5 . | . . . High Security . | . . . Max Security . | . . . Peak Influence 110 | 5 110 36 Initial 6 | . . 6 Average 29 | . 42 3 Influence Increases 446 | 5 395 46 Destroy 0b10 Robot/C 300 | . 300 . Destroy 0b10 Robot/NC 40 | 5 35 . Destroy Leader 56 | . 56 . Successful Hack 4 | . 4 . Destroy Structure 46 | . . 46 Influence Decreases 446 | 5 377 64 Entered New Map 12 | . . 12 Time Decay 330 | 5 293 32 Lost Part 20 | . 20 . Lost Ally 20 | . . 20 Purge Threat 64 | . 64 . Squads Dispatched 2 | . 2 . Investigation 1 | . 1 . Extermination . | . . . Reinforcement 1 | . 1 . Assault . | . . . Garrison . | . . . Intercept . | . . . Searches Triggered . | . . . Construction Impeded . | . . . Haulers Reinforced . | . . . Active Scanning Responses . | . . . Cargo Convoy Interrupts . | . . . Stealth | -11 -10 -10 --------- Run | Yrd Mat Min Distress Signals 1 | . 1 . Communications Jammed . | . . . Distress Signals . | . . . Times Spotted 37 | . 24 13 Peak Tracking Total 17 | . 6 17 Tactical Retreats 2 | . . 2 Traps | -11 -10 -10 ------- Run | Yrd Mat Min Traps Triggered . | . . . Indirectly . | . . . Trap Hack Attempts . | . . . Triggered . | . . . Disarmed . | . . . Reprogrammed . | . . . Reused . | . . . Traps Extracted . | . . . Installed . | . . . Triggered . | . . . Machines | -11 -10 -10 ---------- Run | Yrd Mat Min Machines Disabled . | . . . Max in Single Turn . | . . . Machines Repaired . | . . . Machines Dismantled . | . . . Machines Sabotaged . | . . . Overloaded Fab Kills . | . . . Hacking | -11 -10 -10 --------- Run | Yrd Mat Min Machines Accessed 5 | . 5 . Terminals 4 | . 4 . Fabricators . | . . . Repair Stations . | . . . Recycling Units 1 | . 1 . Scanalyzers . | . . . Garrison Access . | . . . Total Hacks 20 | . 20 . Successful 7 | . 7 . Failed 13 | . 13 . Catastrophic 3 | . 3 . Database Lockouts . | . . . Manual 16 | . 16 . Terminals 16 | . 16 . Fabricators . | . . . Repair Stations . | . . . Recycling Units 4 | . 4 . Scanalyzers . | . . . Garrison Access . | . . . Terminal Hacks 2 | . 2 . Alert Level 1 | . 1 . Unreport Threat 1 | . 1 . Fabricator Hacks . | . . . Repair Station Hacks . | . . . Recycling Unit Hacks 2 | . 2 . Report Inventory 1 | . 1 . Retrieve Components 1 | . 1 . Scanalyzer . | . . . Garrison Access Hacks . | . . . Unauthorized Hacks 3 | . 3 . Terminals 3 | . 3 . Botnet 3 | . 3 . Fabricators . | . . . Repair Stations . | . . . Recycling Units . | . . . Scanalyzers . | . . . Garrison Access . | . . . Data Cores Recovered 1 | . 1 . Used . | . . . Hacking Detections 5 | . 5 . Full Trace Events 2 | . 2 . Feedback Events . | . . . Feedback Blocked . | . . . Robot Schematics Acquired . | . . . Robots Built . | . . . Authchips . | . . . Time . | . . . Total Robot Build Rating . | . . . Part Schematics Acquired . | . . . Parts Built . | . . . Authchips . | . . . Time . | . . . Total Part Build Rating . | . . . Parts Repaired . | . . . Time . | . . . Parts Recycled . | . . . Recycled Matter . | . . . Retrieved Matter . | . . . Retrieved Components 1 | . 1 . Parts Scanalyzed . | . . . Part Schematics Acquired . | . . . Parts Damaged . | . . . Bothacking | -11 -10 -10 ------------ Run | Yrd Mat Min Used RIF Installer . | . . . Robots Hacked . | . . . Non-combat . | . . . Combat . | . . . Robot Hacks Applied . | . . . Relay Couplers Released . | . . . Fabnet Peak Effective % . | . . . Robots Rewired . | . . . Allies Hacked . | . . . Hacks Repelled . | . . . Allies | -11 -10 -10 -------- Run | Yrd Mat Min Total Allies 2 | . . 2 Largest Group 2 | . . 2 Highest-Rated Group 52 | . . 52 Highest-Rated Ally 31 | . . 31 Total Orders . | . . . Ally Attacks 24 | . . 24 Total Damage 299 | . . 299 Kills 5 | . . 5 Allies Corrupted . | . . . Allies Melted . | . . . Intel | -11 -10 -10 ------- Run | Yrd Mat Min Active Infowar (turns) . | . . . Robot Analysis Total . | . . . Derelict Logs Recovered . | . . . Drone Launches . | . . . Drone Recoveries . | . . . Exploration | -11 -10 -10 ------------- Run | Yrd Mat Min Turns Passed 1252 | 115 834 303 Spaces Moved 690 | 57 429 204 Core 4 | 4 . . Treads 225 | 53 172 . Legs 461 | . 257 204 Wheels . | . . . Hover . | . . . Flight . | . . . Fastest Speed 50 | 50 120 120 Average Speed 132 | 152 136 120 Slowest Speed 160 | 160 160 120 Overloaded Moves . | . . . Propulsion Burnouts . | . . . Robots Hopped . | . . . Potential Cave-ins . | . . . Cave-ins Triggered . | . . . Exploration Rate (%) 44 | 5 74 54 Regions Visited 2 Branch Regions 1 Pre-discovered Areas . | . . . Known Exits Taken . | . . . Unknown Exits Taken 2 | 1 1 . Scrap Searched 1 | . . 1 Spaces Dug . | . . . Terrain Destroyed 74 | . . 74 Melee . | . . . Projectile . | . . . AOE 74 | . . 74 Terrain Rammed . | . . . Walls Destroyed . | . . . Machines Disabled . | . . . Actions | -11 -10 -10 --------- Run | Yrd Mat Min Total 862 | 73 545 244 Wait 48 | . 20 28 Move 688 | 56 428 204 Hop . | . . . Pick Up 12 | 5 7 . Fast Attach 8 | 5 3 . Attach 4 | 1 3 . Detach 1 | . 1 . Swap 5 | . 1 4 Drop 2 | . 2 . Fire 93 | 6 79 8 Melee . | . . . Ram . | . . . Kick 1 | . 1 . Crush . | . . . Escape Stasis . | . . . Rewire . | . . . Trap . | . . . Miscellaneous . | . . . Route ------- -11/Scrapyard -10/Materials (discovered 3 exits: [*Mat x2] / [*Min]) -10/Mines (discovered 1 exit: [*Mat]) History --------- Turn | Location | Event 61 | -11/Scrapyard | Discovered new exit (range 15) 116 | -11/Scrapyard | Entered Materials 310 | -10/Materials | Build established: Mutant 503 | -10/Materials | Core integrity fell below 50% 760 | -10/Materials | Discovered new exit (range 16) 851 | -10/Materials | Discovered new exit (range 11) 944 | -10/Materials | Discovered new exit (range 6) 950 | -10/Materials | Entered Mines 972 | -10/Mines | Discovered new exit (range 15) 1133 | -10/Mines | Assembled infested the area 1138 | -10/Mines | Assisted by a Guerilla fighting off Assembled 1181 | -10/Mines | Destroyed 7 combat bots 1182 | -10/Mines | Core integrity fell below 20% 1253 | -10/Mines | Destroyed by D-53 Grenadier with Mini Grenade Launcher Last Messages --------------- 01153_ as-52511 destroyed. 01153_ as-96568 destroyed. 01156_ as-90408 destroyed. 01156_ as-41978 destroyed. 01160_ Destroyed Asb. F-torch. 01160_ as-26743 destroyed. 01162_ as-62023 suffers critical hit (Burn). 01162_ as-62023 destroyed. 01167_ The unstable cave ceiling collapses. 01176_ Y8-E0Q(z) destroyed. 01178_ The unstable cave ceiling collapses. 01234_ D-53 Grenadier suffers critical hit (Burn). 01234_ U-05 Engineer lays Concrete. 01240_ LA-761(g) destroyed. 01245_ The unstable cave ceiling collapses. 01249_ Aluminum Leg destroyed. 01251_ Spread Laser destroyed. 01253_ Ion Engine destroyed. 01253_ Aluminum Leg destroyed. 01253_ Targeting Computer destroyed. Map ----- +----------------------------------------------------+ | ???????????????????????????????????????????? | | ???????????????????????????????????????????? | | ???????????????????????????????????????????? | | ???????????????????????????????????????????? | | ???????????????????????????????????????????? | | ???????????????????????????????????????????? | | ???????????????????????????????????????????? | | ???????????????????????????????????????????? | | ???????????????????????????????????????????? | | ???????????????????????????????????????????? | | ??????????????????? ?????????????????????? | | ??????????????????? ?????????????????????? | | ??????????????????? ?????????????????????? | | ??????????????????? ?????????????????????? | | ??????????????????? ?????????????????????? | | ??????????????????? #?????????????????????? | | ??????????????????? #?????????????????????? | | ??????????????????# #?????????????????????? | | ??????????????????# #?????????????????????? | | ??????????????????# #?????????????????????? | | ????????????????### ##??##????????????????? | | ???????????????## # ## ##???????????????? | | ??????????????## #???????????????? | | ??????????????# ##??????????????? | | ??????????????# #??????????????? | | ??????????????# @ ????????? | | ??????????????# # ????????? | | ??????????????## #??????????????????? | | ???????????????# ##?????????????? ???? | | ??????###??????## # ##?????????????# ???? | | ?????## ##?????### ##??????????????# #??? | | ?????# #?????### ##?#????????????# #?? | | ?????# ##???## dd # ###????? ??## #? | | ?????# ##### < # # # #??? ### ## | | ?????## * t # ####?# # | | ??????## %= ### # | | ???????## ! = # | | ????????# # | | ????????## # # | | ?????????# # ## # | | ?????????# ### # ######???# | | ?????????## # # # #????????# | | ??????????## # #????????# | | ???????????# # # ###????????# | | ???????????## # # #?????????## | | ????????????### # ##??????????# | | ??????????????# #?????????## | | ??????????????#### # ##?????????# # | | ????????????????# # ############# ## | | ????????????????### ##? | +----------------------------------------------------+ Best States ------------- Heat Dissipation 25 Energy Generation 10 Energy Capacity 250 Matter Stores 300 Matter Capacity 300 Sight Range 16 Terrain Scan Density 10 Evasion (%) 55 Targeting Accuracy 5 Recoil Reduction 2 Item Schematics ----------------- None Robot Schematics ------------------ None Fabricated ------------ Nothing Repaired ---------- Nothing Alien Tech Used ----------------- None Achievements -------------- None Challenges ------------ None Game ------ Seed MicrowarpGammaThruster Manual? 0 Play Time 00:16:25 Cumulative 32.2 hours Start 2025.05.20 @ 14:48:35 End 2025.05.20 @ 15:03:07 Sessions 1 Manual Loads 0 Difficulty Rogue Special Mode None Game No. 39 Rogue 39 Adventurer 0 Explorer 0 Win Type - Total 0 Types 0/0/0/0/0/0/0/0/0/0 Lore% 16 Gallery% 26 Achievement% 28 Wizard Run 0 Options --------- Layout 0 ASCII 0 Keyboard 1 Movement Numpad Keybinds 0 Fullscreen 1 Font 18/SmallcapsGlow Map View 76x50 Zoom Use 0% Tactical HUD 1 Map Filters NONE Filters NONE Steam 1 RUN: 6b1aacee-0bcd-40ae-99d3-4a4e682a89c1